AoeStats
← Sebaldus

Arabia

504197083Analyzed
1v1 RM · 29d ago on Sep 4, 2026· 64m 52s· 2 players
Game mode
Random Map
Map size
Tiny (2 player)
Population
200
Speed
Normal
Resources
Standard
Victory
Conquest
Starting age
Dark Age
Ending age
Imperial Age
RankedLock teamsTeams togetherTeam positionsShared explorationLock speedFull tech treeHidden civsTurbo modeCheats
Victory
Defeat
🇩🇪 Japanese · Germany
794
+17
🇺🇸 Koreans · United States
808
-17
Sebaldus
1:02 Loom
11:27 Feudal Age
12:32 Double-Bit Axe
12:31 Horse Collar
12:44 Gold Mining
13:39 Man-at-Arms
17:04 Stone Mining
18:20 Forging
18:36 Scale Mail Armor
18:40 Town Watch
19:10 Arson
19:51 Fletching
21:36 Wheelbarrow
23:37 Padded Archer Armor
26:40 Castle Age
27:07 Long Swordsman
27:50 Squires
28:25 Bow Saw
30:29 Gold Shaft Mining
29:57 Town Patrol
33:10 Chain Mail Armor
33:31 Iron Casting
34:14 Yasama
35:40 Ballistics
35:07 Crossbowman
36:10 Bodkin Arrow
37:26 Hand Cart
38:12 Leather Archer Armor
40:38 Murder Holes
40:55 Fortified Wall
40:37 Guard Tower
41:25 Elite Skirmisher
44:47 Imperial Age
42:56 Thumb Ring
43:30 Pikeman
43:56 Gambesons
45:44 Sanctity
45:55 Conscription
45:48 Heavy Plow
48:06 Masonry
49:58 Onager
52:08 Kataparuto
53:37 Chemistry
52:23 Arrowslits
52:51 Two-Handed Swordsman
52:52 Halberdier
54:53 Plate Mail Armor
57:50 Two-Man Saw
57:52 Blast Furnace
56:53 Bracer
57:54 Hoardings
57:39 Treadmill Crane
57:27 Elite Samurai
62:18 Ring Archer Armor
62:27 Keep
61:58 Siege Engineers
Seamus Slicksworth
10:14 Feudal Age
11:53 Wheelbarrow
11:22 Double-Bit Axe
11:32 Man-at-Arms
16:34 Horse Collar
17:04 Fletching
17:30 Arson
18:48 Scale Mail Armor
20:00 Forging
21:52 Loom
26:41 Castle Age
24:56 Scale Barding Armor
25:44 Stone Mining
25:48 Gold Mining
27:36 Crossbowman
30:21 Light Cavalry
33:22 Husbandry
36:10 Long Swordsman
37:32 Fervor
38:50 Ballistics
39:18 Bodkin Arrow
42:57 Imperial Age
41:17 Sanctity
42:50 Treadmill Crane
44:18 Conscription
43:23 Elite Skirmisher
45:48 Gambesons
46:53 Chain Mail Armor
48:57 Bracer
49:50 Squires
51:11 Masonry
50:51 Arbalester
54:17 Chemistry
53:50 Town Watch
54:57 Block Printing
55:57 Chain Barding Armor
55:45 Two-Handed Swordsman
57:26 Hand Cart
59:31 Plate Mail Armor
64:12 Thumb Ring
64:33 Capped Ram
Connection lost

Rejoining the realm…

Still unreachable

The connection could not be restored.

Session expired

The server has moved on; the page needs a fresh start.